 Dungeon Crawl Stone Soup version 0.16-a0-3667-g690a316 (webtiles) character file.

63 Mastropiero the Changer (level 3, -1/26 HPs)
             Began as a Bearkin Transmuter on May 26, 2015.
             Slain by Terence
             ... wielding a +2 short sword of holy wrath
              (7 damage)
             ... on level 2 of the Dungeon.
             The game lasted 00:05:00 (1317 turns).

Mastropiero the Changer (Bearkin Transmuter)        Turns: 1317, Time: 00:05:00

Health: -1/26      AC:  2    Str: 13    XL:     3   Next: 89%
Magic:  1/6        EV: 12    Int: 13    God:
Gold:   76         SH:  0    Dex: 16    Spells: 2 memorised, 3 levels left

rFire  . . .     SeeInvis .       - Unarmed
rCold  . . .     Clarity  .     c - melded +0 robe
rNeg   . . .     SustAb   .     (shield currently unavailable)
rPois  x         Gourm    .     (helmet currently unavailable)
rElec  .         Spirit   .     (cloak currently unavailable)
rCorr  .         Warding  .     (gloves currently unavailable)
rMut   .         Stasis   .     (boots currently unavailable)
MR     .....                    (no amulet)
Stlth  +.........               (no ring)
                                (no ring)

@: spider-form (expiring), very slightly contaminated, not resistant to hostile
enchantments, very unstealthy
A: (claws 0), (shaggy fur 0), (hind claws 0), (cornered berserk)
a: End Transformation


You were on level 2 of the Dungeon.
You were very hungry.
You were a venomous arachnid creature.
You visited 1 branch of the dungeon, and saw 2 of its levels.

You collected 76 gold pieces.

Inventory:

Missiles
 b - 39 arrows
Armour
 c - a +0 robe (melded)
Scrolls
 g - a scroll of remove curse
 h - a scroll of identify
 n - a scroll of teleportation {unknown}
Potions
 e - a potion of cure mutation
 f - a potion of haste {unknown}
 k - a potion of might {unknown}
 m - a potion of beneficial mutation {unknown}
Books
 d - a book of Changes

   Spells                             Type                      Level
   a - Beastly Appendage              Transmutation                1
   b - Sticks to Snakes               Transmutation                2
   c - Spider Form                    Transmutation/Poison         3
   d - Ice Form                       Ice/Transmutation            4
   e - Blade Hands                    Transmutation                5
Comestibles
 a - a bread ration
 i - a fruit
 l - a meat ration


   Skills:
 - Level 1.0 Fighting
 - Level 1.5 Dodging
 - Level 3.0 Unarmed Combat
 - Level 2.7 Spellcasting
 * Level 3.7 Transmutations


You had 3 spell levels left.
You knew the following spells:

 Your Spells              Type           Power        Failure   Level  Hunger
a - Beastly Appendage     Trmt           ##....       21%         1    #......
b - Spider Form           Trmt/Pois      #.........   56%         3    ###....


Dungeon Overview and Level Annotations

Branches:
Dungeon (2/15)

Altars:
Trog
The Shining One

Annotations:
D:2 Terence


Innate Abilities, Weirdness & Mutations

((You have sharp fingernails.))
((You are covered in fur (AC +1).))
((Your hind legs have claws.))
((You can berserk when greatly wounded.))


Message History

You hit the goblin.
The goblin is poisoned.
The goblin is heavily wounded.
The goblin misses you.
You hit the goblin.
You kill the goblin!
You completely miss Terence.
Your transformation is almost over.
Terence barely misses you.
You hit Terence but do no damage.
Terence is poisoned.
Terence hits you with a short sword of holy wrath.
* * * LOW HITPOINT WARNING * * *
You hit Terence.
Terence looks even sicker.
Terence is moderately wounded.
Terence misses you.
Unknown command.
You hit Terence but do no damage.
Terence is moderately wounded.
Unknown command.
Terence hits you with a short sword of holy wrath!
You die...

....# #.# #.....#
.##.####.#
#.###.######
###......# #.#
#......# # #..#####
#.###.####....# #
#..# #.....# # #
#..# ##.#### ###.<#
##.##
..#..#######...####
#.#.............s.#
..#.########...##@#
## ....#
##.###†###.# #.###
#....w....# #.#
........#...+###
#.#
###.####.......##
#.# #.# #........#
#.# . #........#
... ##.$...#.#


You could see a worm and Terence.

Vanquished Creatures
  An adder (D:2)
  2 worms
  5 giant cockroaches
  5 goblins
  9 hobgoblins
  A quokka (D:2)
  5 bats (D:1)
  3 giant geckos
  A giant newt (D:1)
  A kobold (D:1)
  6 rats
39 creatures vanquished.

Notes
Turn   | Place    | Note
--------------------------------------------------------------
     0 | D:1      | Mastropiero, the Bearkin Transmuter, began the quest for the Orb.
     0 | D:1      | Reached XP level 1. HP: 15/15 MP: 3/3
   171 | D:1      | Reached XP level 2. HP: 16/21 MP: 2/4
   709 | D:1      | Reached XP level 3. HP: 14/26 MP: 4/6
   864 | D:2      | Learned a level 3 spell: Spider Form
   870 | D:2      | Found a glowing golden altar of the Shining One.
   872 | D:2      | Found a bloodstained altar of Trog.
  1300 | D:2      | Noticed Terence
  1317 | D:2      | Slain by Terence

Action                   || total
-------------------------++-------
Melee: Unarmed           ||   131
 Cast: Beastly Appendage ||    25
       Spider Form       ||     1
  Use: Scroll            ||     2
  Eat: Chunk             ||     1
